 Dungeon Crawl Stone Soup version 0.31.0-11-ge490571c62 (webtiles) character file.

Game seed: 3743267103485991156

4445 qw the Nimble (level 10, -5/49 HPs)
             Began as a Spriggan Hunter on Feb 5, 2024.
             Was a Believer of Okawaru.
             Slain by an orc warrior
             ... wielding a +0 halberd
              (13 damage)
             ... on level 9 of the Dungeon.
             The game lasted 00:02:12 (5019 turns).

qw the Nimble (Spriggan Hunter)                     Turns: 5019, Time: 00:02:12

Health: -5/49      AC:  6    Str:  7    XL:     10   Next: 15%
Magic:  14/14      EV: 28    Int: 12    God:    Okawaru [**....]
Gold:   195        SH:  0    Dex: 22    Spells: 9/9 levels left

rFire   + . .        c - +0 orcbow
rCold   x . .        (shield currently unavailable)
rNeg    + + .        g - +3 robe of Rotation {rN++ Int+2 Dex-2}
rPois   +            (helmet restricted)
rElec   .            b - +0 cloak
rCorr   .            (gloves unavailable)
SInv    +            (boots unavailable)
Will    .....        k - amulet of regeneration
Stlth   ++           h - +4 ring of slaying {mikee}
HPRegen 1.08/turn    j - ring "Uloczogg" {Fire rPois Will- Slay+3 SInv}
MPRegen 0.14/turn

%: no passive effects
@: very quick
A: very small, no large weapons, unfitting armour, see invisible, speed 3
a: Renounce Religion, Heroism


You were on level 9 of the Dungeon.
You worshipped Okawaru.
Okawaru was pleased with you.
You visited 2 branches of the dungeon, and saw 10 of its levels.

You collected 454 gold pieces.
You spent 259 gold pieces at shops.


Innate Abilities, Weirdness & Mutations

You are very small and have problems with some larger weapons.
You are too small for most types of armour.
You have supernaturally acute eyesight. (SInv)
You cover ground extremely quickly. (Speed+++)


   Skills:
 - Level 4.0 Fighting
 - Level 11.0 Ranged Weapons
 + Level 11.7 Dodging
 - Level 1.5 Stealth
 - Level 4.0 Invocations


You had 9 spell levels left.
You didn't know any spells.
Your spell library was empty.

Inventory:

Hand Weapons
 c - a +0 orcbow (weapon)
Armour
 b - a +0 cloak (worn)
 d - +0 acid dragon scales
 g - the +3 robe of Rotation (worn) {rN++ Int+2 Dex-2}
   (You found it on level 8 of the Dungeon)

   Int+2:     It affects your intelligence (+2).
   Dex-2:     It affects your dexterity (-2).
   rN++:      It greatly protects you from negative energy.
Jewellery
 h - a +4 ring of slaying (left hand) {mikee}
 j - the ring "Uloczogg" (right hand) {Fire rPois Will- Slay+3 SInv}
   (You acquired it on level 2 of the Dungeon)

   [ring of fire]

   Fire:      It enhances your fire magic.
   Slay+3:    It affects your accuracy & damage with ranged weapons and melee
   (+3).
   rF+:       It protects you from fire.
   rC-:       It makes you vulnerable to cold.
   rPois:     It protects you from poison Will-: It decreases your willpower.
   SInv:      It lets you see invisible.
 k - an amulet of regeneration (around neck)
Wands
 o - a wand of charming (12)
 p - a wand of roots (12)
Scrolls
 a - 3 scrolls of identify
 f - 6 scrolls of teleportation
Potions
 e - 2 potions of curing
 i - a potion of heal wounds
 l - a potion of mutation {unknown}
 m - a potion of brilliance {unknown}
 n - a potion of might
 q - a potion of degeneration {unknown}
 r - a potion of cancellation {unknown}

Dungeon Overview and Level Annotations

Branches:
Dungeon (9/15)             Temple (1/1) D:7             Orc (0/2) D:9
   Lair: D:8-11

Altars:
Ashenzari
Cheibriados
Dithmenos
Elyvilon
Fedhas
Gozag
Hepliaklqana
Kikubaaqudgha
Makhleb
Nemelex Xobeh
Okawaru
Qazlal
Ru
Sif Muna
Trog
Uskayaw
Vehumet
Wu Jian
Xom
Yredelemnul
The Shining One

Shops:
D:1 *   D:5 *   D:6 *   D:7 [=*[=

Annotations:
D:8 1 runed translucent door, qw's ghost, novice DjHu


Message History

The acid dragon roars!
The acid dragon is lightly wounded.
You shoot an arrow. The arrow hits the acid dragon!
The acid dragon is almost dead.
You shoot an arrow. The arrow hits the acid dragon!
You kill the acid dragon!
Okawaru accepts your kill.
The acid dragon scales are intact enough to wear. d - +0 acid dragon scales You see here an acid dragon corpse.
q - a bubbling yellow potion
a - 3 scrolls of identify (gained 1)
You hear the faint creaking of a distant portcullis.
You open the door.
An orc warrior and an orc priest come into view.
Found a scroll of blinking and a scroll of fear.
You shoot an arrow. The arrow hits the orc priest.
The orc priest shouts!
The orc priest is moderately wounded.
The orc warrior shouts!
You hear a shout!
You hear a howl!
A warg comes into view.
An orc priest comes into view. It is wielding a +0 dagger.
5016 ||| RETREEEEATING.
There is an open door here.
You shoot an arrow. The arrow hits the warg!
The warg is moderately wounded.
The warg bites you! The warg completely misses you.
The orc priest mumbles some strange prayers to Beogh against you.
Beogh smites you! The orc warrior completely misses you.
You shoot an arrow. The arrow hits the warg!
The warg is severely wounded.
The warg misses you. The orc warrior closely misses you.
The orc priest looks encouraged for a moment.
You shoot an arrow. The arrow hits the warg.
The warg is severely wounded.
The warg barely misses you. The warg completely misses you.
The orc priest calls down the wrath of Beogh upon you.
Beogh smites you!
The orc warrior hits you from afar with a +0 halberd!
You die...

#..8.'..))'.8...#
##....##..##.....#
#......####)..##.# ...
#..##........##..#####.# ..
##.##########+#>......#.# #.
#...##........#######)#.# #.
#.......####...##.......####.
##....8.##.o##.8.##........##.
#>......+.?oh@...##....(.#.##.
##....8%##.o##.8.#.......#.##.
#.......####...####.#.....<..
#...##........## #.#........
##.##########+# #.#......PP #.
#.#......P. #. #.#....#.PP
#.#.<....PP #.##......P


You could see a warg, an orc warrior and 2 orc priests.

Vanquished Creatures
  A two-headed ogre (D:8)
  A hornet (D:8)
  Grinder (D:4)
  4 yaks (D:8)
  Eustachio (D:4)
  A steam dragon (D:6)
  A water moccasin (D:6)
  An acid dragon (D:9)
  4 orc warriors
  2 ice beasts
  A black bear (D:6)
  3 ogres
  A centaur (D:9)
  A kobold brigand (D:8)
  A bullfrog (D:6)
  2 gnoll sergeants (D:8)
  2 scorpions
  4 wights (D:7)
  A howler monkey (D:8)
  2 bombardier beetles (D:4)
  A jelly (D:7)
  2 hounds
  5 orc priests
  A sleepcap (D:6)
  2 iguanas
  4 orc wizards
  13 gnolls
  3 adders
  A shadow imp (D:8)
  A white imp (D:7)
  4 dart slugs
  4 ribbon worms
  19 orcs
  8 endoplasms
  6 giant cockroaches
  10 hobgoblins
  11 jackals
  6 quokkas
  9 ball pythons
  5 bats
  3 frilled lizards
  8 goblins
  12 kobolds
  8 rats
181 creatures vanquished.

Notes
Turn   | Place    | Note
-------+----------+-------------------------------------------
     0 | D:1      | qw the Spriggan Hunter began the quest for the Orb.
     0 | D:1      | Reached XP level 1. HP: 10/10 MP: 2/2
     0 | D:1      | 0 ||| qw: Version: 0.3-a-160-g6735b56
     0 | D:1      | 0 ||| qw: Game counter: 6430
     0 | D:1      | 0 ||| qw: Melee chars always use a shield: true
     0 | D:1      | 0 ||| qw: God list: Okawaru
     0 | D:1      | 0 ||| qw: Allow faded altars: false
     0 | D:1      | 0 ||| qw: Do Orc after clearing Dungeon:15 true
     0 | D:1      | 0 ||| qw: Do second Lair branch before Depths: true
     0 | D:1      | 0 ||| qw: Lair rune preference: random
     0 | D:1      | 0 ||| qw: Goals: Normal
     0 | D:1      | 0 ||| PLANNING D:1-11
    36 | D:1      | Reached skill level 3 in Dodging
    96 | D:1      | Reached XP level 2. HP: 14/14 MP: 3/3
   117 | D:1      | Found Werur's Assorted Antiques.
   122 | D:1      | 122 ||| SHOPLISTING amethyst potion (16 gold, have 13).
   122 | D:1      | 122 ||| SHOPLISTING green potion (16 gold, have 13).
   122 | D:1      | 122 ||| SHOPLISTING inky potion (16 gold, have 13).
   122 | D:1      | 122 ||| SHOPLISTING onyx ring (90 gold, have 13).
   122 | D:1      | 122 ||| SHOPLISTING ruby potion (16 gold, have 13).
   122 | D:1      | 122 ||| SHOPLISTING scroll labelled ZUENOCS TAUL (18 gold,
                  | have 13).
   399 | D:1      | Reached XP level 3. HP: 18/18 MP: 4/4
   652 | D:1      | 652 ||| DROPPING amulet of magic regeneration.
   653 | D:1      | 653 ||| UPGRADING to +4 ring of slaying {mikee}.
   654 | D:1      | 654 ||| READING scroll labelled WUHU ZUUPU.
   655 | D:1      | 655 ||| READING scroll labelled DOUSIX QOLAG.
   655 | D:1      | 655 ||| IDENTIFYING scroll labelled PUBI IJUNEAGE
   656 | D:1      | 656 ||| READING scroll labelled TATHRI KIZAERU.
   657 | D:1      | 657 ||| READING scroll labelled ZIAF IBLUN.
   657 | D:1      | 657 ||| ENCHANTING +0 shortbow.
   658 | D:1      | 658 ||| DROPPING scroll of butterflies.
   717 | D:2      | Noticed a scorpion
   722 | D:2      | Killed a scorpion
   723 | D:2      | Reached XP level 4. HP: 22/22 MP: 5/5
   759 | D:2      | Found a sacrificial altar of Ru.
  1095 | D:2      | 1095 ||| UPGRADING to +0 cloak.
  1100 | D:2      | 1100 ||| READING scroll labelled APUDUW ZAU.
  1100 | D:2      | Identified a scroll of acquirement
  1100 | D:2      | 1100 ||| ACQUIRING ring "Uloczogg" {Fire rPois Will- Slay+3
                  | SInv}
  1100 | D:2      | Acquired the ring "Uloczogg" {Fire rPois Will- Slay+3 SInv}
  1102 | D:2      | 1102 ||| UPGRADING to ring "Uloczogg" {Fire rPois Will-
                  | Slay+3 SInv}.
  1103 | D:2      | 1103 ||| READING scroll labelled NUNIUZ MALECE.
  1122 | D:3      | Reached XP level 5. HP: 25/25 MP: 6/6
  1261 | D:3      | Noticed an ogre
  1265 | D:3      | Killed an ogre
  1376 | D:3      | Noticed an ice beast
  1382 | D:3      | Killed an ice beast
  1383 | D:3      | Reached skill level 6 in Ranged Weapons
  1383 | D:3      | Reached XP level 6. HP: 32/32 MP: 7/7
  1857 | D:3      | 1857 ||| READING 4 scrolls labelled WOLISI VAMOL.
  1857 | D:3      | 1857 ||| ENCHANTING +0 shortbow.
  1858 | D:3      | 1858 ||| READING 3 scrolls of enchant weapon.
  1858 | D:3      | 1858 ||| ENCHANTING +1 shortbow.
  1859 | D:3      | 1859 ||| READING 2 scrolls of enchant weapon.
  1859 | D:3      | 1859 ||| ENCHANTING +2 shortbow.
  1860 | D:3      | 1860 ||| READING scroll of enchant weapon.
  1860 | D:3      | 1860 ||| ENCHANTING +3 shortbow.
  1861 | D:3      | 1861 ||| READING scroll labelled ASOUNO JIHIO.
  1962 | D:3      | 1962 ||| READING 3 scrolls labelled SIK WASAVVIETO.
  1963 | D:3      | 1963 ||| DRINKING 2 ruby potions.
  1964 | D:3      | 1964 ||| DROPPING 2 scrolls of fear.
  2110 | D:4      | Noticed Grinder
  2111 | D:4      | 2111 ||| DRINKING potion of haste.
  2116 | D:4      | Killed Grinder
  2117 | D:4      | Reached XP level 7. HP: 29/35 MP: 8/8
  2117 | D:4      | 2117 ||| FLEEEEING.
  2120 | D:4      | 2120 ||| FLEEEEING.
  2125 | D:4      | 2125 ||| FLEEEEING.
  2126 | D:4      | 2126 ||| FLEEEEING.
  2130 | D:4      | 2130 ||| FLEEEEING.
  2131 | D:4      | 2131 ||| FLEEEEING.
  2132 | D:4      | 2132 ||| FLEEEEING.
  2133 | D:4      | 2133 ||| FLEEEEING.
  2161 | D:4      | Noticed Eustachio
  2167 | D:4      | Killed Eustachio
  2489 | D:4      | 2489 ||| READING scroll labelled KIOTSERPHUI.
  2490 | D:4      | 2490 ||| DRINKING 2 bubbling blue potions.
  2491 | D:4      | 2491 ||| DROPPING potion of magic.
  2500 | D:5      | Entered Level 5 of the Dungeon
  2544 | D:5      | Reached XP level 8. HP: 39/39 MP: 9/9
  2751 | D:5      | Reached skill level 3 in Fighting
  2765 | D:5      | HP: 10/40 [orc warrior/+0 battleaxe (8)]
  2766 | D:5      | 2766 ||| READING 4 scrolls of teleportation.
  2768 | D:5      | HP: 2/40 [orc/+0 mace (4)]
  2951 | D:5      | Found Waimon's Assorted Antiques.
  2968 | D:5      | 2968 ||| BUYING bronze wand (92 gold).
  2968 | D:5      | Bought a bronze wand for 92 gold pieces
  2968 | D:5      | 2968 ||| BUYING scroll labelled OTHICO PEMOE (23 gold).
  2968 | D:5      | Bought a scroll labelled OTHICO PEMOE for 23 gold pieces
  2968 | D:5      | 2968 ||| BUYING scroll of teleportation (69 gold).
  2968 | D:5      | Bought a scroll of teleportation for 69 gold pieces
  2968 | D:5      | 2968 ||| SHOPLISTING scroll of teleportation (69 gold, have
                  | 37).
  3075 | D:5      | 3075 ||| UPGRADING to amulet of regeneration.
  3080 | D:5      | 3080 ||| READING 3 scrolls labelled OTHICO PEMOE.
  3081 | D:5      | 3081 ||| DRINKING 2 amethyst potions.
  3082 | D:5      | 3082 ||| DRINKING 2 bubbling ruby potions.
  3083 | D:5      | 3083 ||| DROPPING 2 scrolls of immolation.
  3191 | D:6      | Found Rast's General Store.
  3209 | D:6      | Reached skill level 9 in Ranged Weapons
  3396 | D:6      | 3396 ||| FLEEEEING.
  3407 | D:6      | Reached skill level 9 in Dodging
  3635 | D:7      | Reached XP level 9. HP: 44/44 MP: 10/10
  3660 | D:7      | Identified the +8 dagger of Infinity {protect, Fly rC++
                  | rCorr Int-4}
  3727 | D:7      | Found a staircase to the Ecumenical Temple.
  3728 | D:7      | 3728 ||| PLANNING TEMPLE
  3728 | D:7      | 3728 ||| DRINKING 3 grey potions.
  3729 | D:7      | 3729 ||| DROPPING 2 potions of attraction.
  3737 | Temple   | Entered the Ecumenical Temple
  3738 | Temple   | 3738 ||| PLANNING OKAWARU WORSHIP
  3756 | Temple   | Became a worshipper of Warmaster Okawaru
  3757 | Temple   | 3757 ||| PLANNING D:1-11
  3885 | D:7      | Found Qidyushra's Assorted Antiques.
  3890 | D:7      | 3890 ||| BUYING sapphire potion (23 gold).
  3890 | D:7      | Bought a sapphire potion for 23 gold pieces
  3890 | D:7      | 3890 ||| SHOPLISTING scroll of enchant armour (195 gold,
                  | have 146).
  3890 | D:7      | 3890 ||| BUYING scroll of identify (52 gold).
  3890 | D:7      | Bought a scroll of identify for 52 gold pieces
  3893 | D:7      | Found Haos's Armour Shop.
  3923 | D:7      | Found Onyikuel's Jewellery Boutique.
  3932 | D:7      | 3932 ||| SHOPLISTING brooch of Shielding {Spirit SH+8}
                  | (1040 gold, have 132).
  3932 | D:7      | 3932 ||| SHOPLISTING ring of protection from cold (400
                  | gold, have 132).
  3932 | D:7      | 3932 ||| SHOPLISTING ring of protection from fire (400
                  | gold, have 132).
  3981 | D:7      | 3981 ||| SHOPLISTING +0 robe of the Northern Lights {rC+}
                  | (205 gold, have 167).
  4154 | D:7      | Found Sitasu's Jewellery Emporium.
  4157 | D:7      | 4157 ||| SHOPLISTING +5 ring of evasion (396 gold, have
                  | 167).
  4157 | D:7      | 4157 ||| SHOPLISTING amulet of faith (440 gold, have 167).
  4157 | D:7      | 4157 ||| SHOPLISTING ring of Oleg Itt {^Drain rCorr Int+6
                  | Dex+6} (611 gold, have 167).
  4157 | D:7      | 4157 ||| SHOPLISTING ring of willpower (275 gold, have
                  | 167).
  4176 | D:7      | Found Puyddowu's Armour Emporium.
  4176 | D:7      | Noticed an animated pearl dragon scales
  4177 | D:7      | Noticed an animated plate armour
  4185 | D:7      | 4185 ||| SHOPLISTING +2 robe (177 gold, have 167).
  4222 | D:7      | 4222 ||| DROPPING amulet of the acrobat.
  4223 | D:7      | 4223 ||| READING scroll of identify.
  4223 | D:7      | 4223 ||| IDENTIFYING brown potion
  4224 | D:7      | 4224 ||| READING scroll labelled ZUENOCS TAUL.
  4224 | D:7      | 4224 ||| BRANDING +4 shortbow.
  4225 | D:7      | 4225 ||| READING scroll labelled SEOJADOPIWK.
  4226 | D:7      | 4226 ||| DRINKING 3 puce potions.
  4227 | D:7      | 4227 ||| DROPPING 2 potions of invisibility.
  4252 | D:8      | Noticed a two-headed ogre
  4262 | D:8      | Killed a two-headed ogre
  4262 | D:8      | Reached * piety under Okawaru
  4264 | D:8      | Reached skill level 1 in Invocations
  4293 | D:8      | Identified the +3 robe of Rotation {rN++ Int+2 Dex-2}
  4320 | D:8      | Found a broken altar of Ashenzari.
  4478 | D:8      | Reached ** piety under Okawaru
  4521 | D:8      | 4521 ||| RETREEEEATING.
  4523 | D:8      | 4523 ||| RETREEEEATING.
  4526 | D:8      | 4526 ||| RETREEEEATING.
  4528 | D:8      | 4528 ||| RETREEEEATING.
  4537 | D:8      | Reached skill level 3 in Invocations
  4549 | D:8      | Reached XP level 10. HP: 49/49 MP: 12/14
  4733 | D:8      | Found a runed translucent door.
  4735 | D:8      | Identified the +8 trident of Ydghinn {elec, rF- rC+ rN+
                  | Will+}
  4735 | D:8      | Noticed qw's ghost (novice DjHu)
  4827 | D:8      | 4827 ||| UPGRADING to +3 robe of Rotation {rN++ Int+2
                  | Dex-2}.
  4837 | D:8      | 4837 ||| DROPPING +0 robe.
  4838 | D:8      | 4838 ||| DROPPING potion of lignification.
  4877 | D:9      | Found a blossoming altar of Fedhas.
  4909 | D:9      | 4909 ||| SWAPPING to +0 orcbow.
  4910 | D:9      | 4910 ||| DROPPING +4 shortbow of draining.
  4928 | D:9      | 4928 ||| RETREEEEATING.
  4980 | D:9      | Found a staircase to the Orcish Mines.
  5016 | D:9      | 5016 ||| RETREEEEATING.
  5019 | D:9      | HP: 8/49 [orc priest/divine providence (11)]
  5019 | D:9      | Slain by an orc warrior

Levels and vault maps discovered:
D:1:      shiori_arrival_maze, layout_basic, serial_shops, shop
D:2:      layout_rooms, basic_altar
D:3:      layout_basic
D:4:      layout_rooms, chequers_decorated_corner, minmay_statues_item,
          uniq_eustachio, uniq_grinder
D:5:      layout_basic, serial_shops, nicolae_shop_stone
D:6:      layout_gridville, amcnicky_mini_pool_small, serial_bayou_ford_a,
          minivault_11, minmay_shop_grid_forest
D:7:      layout_rooms, minmay_temple_entry_proselytizer, serial_shops,
          nicolae_shop_just_a_little_nook, nicolae_shop_mannequins, shop, shop,
          kennysheep_mini_moat, roderic_serpentine_path
D:8:      layout_basic, mainiacjoe_overflow_concentric_impassable,
          ebering_ghost_funeral_grove
D:9:      layout_basic, fedhas_bush_and_centaur_altar, david_orc_1_choice,
          serial_shops, nicolae_shop_gaudy_bauble, enter_bailey_3,
          grunt_potential
Temple:   nicolae_temple_bog_church

Skill      XL: |  1  2  3  4  5  6  7  8  9 |
---------------+----------------------------+-----
Dodging        | 3 4 5 7 8 9 11 | 11.7
Ranged Weapons | 5 6 8 9 11 | 11.0
Fighting       | 2 3 4 |  4.0
Invocations    | 4 |  4.0
Stealth        | |  1.5

Action                     |  1- 3 |  4- 6 |  7- 9 | 10-12 || total
---------------------------+-------+-------+-------+-------++-------
   Fire: Shortbow          |   105 |   112 |   229 |     2 ||   448
         Orcbow            |       |       |       |    18 ||    18
    Use: Scroll            |     4 |     8 |     6 |       ||    18
         Potion            |       |     2 |     5 |       ||     7
 Armour: Robe              |     8 |     1 |    12 |     4 ||    25
  Dodge: Dodged            |    46 |     7 |    47 |    22 ||   122

Table legend:
 A = Non-vault XP
 B = Vault XP
 C = Vault XP percentage of total XP
 D = Non-vault monster count
 E = Vault monster count
 F = Vault count percentage of total count
                 A         B        C        D         E       F
            +---------+---------+-------+---------+---------+-------
      Total |    5310 |    1041 |  16.4 |     172 |       9 |   5.0
            +---------+---------+-------+---------+---------+-------
        D:1 |      61 |       3 |   4.7 |      34 |       2 |   5.6
        D:2 |     131 |       0 |   0.0 |      18 |       0 |   0.0
        D:3 |     329 |       0 |   0.0 |      31 |       0 |   0.0
        D:4 |     165 |     493 |  74.9 |      16 |       2 |  11.1
        D:5 |     795 |       0 |   0.0 |      26 |       0 |   0.0
        D:6 |     770 |       0 |   0.0 |       8 |       0 |   0.0
        D:7 |     485 |      41 |   7.8 |      14 |       1 |   6.7
        D:8 |    2423 |       0 |   0.0 |      24 |       0 |   0.0
        D:9 |     151 |     504 |  76.9 |       1 |       4 |  80.0
            +---------+---------+-------+---------+---------+-------
